 Dungeon Crawl Stone Soup version 0.21.1-1-g345015f (webtiles) character file.

9 shakethe the Conjurer (level 2, -2/15 HPs)
             Began as a Deep Elf Conjurer on Feb 27, 2018.
             Slain by a jackal (3 damage)
             ... on level 1 of the Dungeon.
             The game lasted 00:01:45 (152 turns).

shakethe the Conjurer (Deep Elf Conjurer)            Turns: 152, Time: 00:01:47

Health: -2/15      AC:  2    Str:  5    XL:     2   Next: 3%
Magic:  1/8        EV: 13    Int: 19    God:
Gold:   7          SH:  0    Dex: 15    Spells: 7/8 levels left

rFire    . . .     SeeInvis .   e - +0 club
rCold    . . .     Gourm    .   (no shield)
rNeg     . . .     Faith    .   a - +0 robe
rPois    .         Spirit   .   (no helmet)
rElec    .         Reflect  .   (no cloak)
rCorr    .         Harm     .   (no gloves)
MR       .....                  (no boots)
Stlth    ++........             (no amulet)
HPRegen  0.05/turn              (no ring)
MPRegen  0.11/turn              (no ring)

@: no status effects
A: no striking features
a: no special abilities


You were on level 1 of the Dungeon.
You were not hungry.

You visited 1 branch of the dungeon, and saw 1 of its levels.

You collected 7 gold pieces.

Inventory:

Hand Weapons
 e - a +0 club (weapon)
   (You took it off a hobgoblin on level 1 of the Dungeon)
Armour
 a - a +0 robe (worn)
Scrolls
 d - a scroll of amnesia {unknown}
Books
 b - a book of Conjurations
Comestibles
 c - a ration


   Skills:
 - Level 2.4 Dodging
 - Level 2.4 Stealth
 + Level 3.5 Spellcasting
 + Level 4.6 Conjurations


You had 7 spell levels left.
You knew the following spells:

 Your Spells              Type           Power        Failure   Level  Hunger
a - Magic Dart            Conj           ###.         2%          1    None


Dungeon Overview and Level Annotations

Branches:
Dungeon (1/15)

Altars:


Message History

A hobgoblin comes into view. It is wielding a club.
Aim: a hobgoblin, wielding a club (resting)
The magic dart hits the hobgoblin.
The hobgoblin shouts!
The hobgoblin moves out of view.
You now have 5/6 mp.
The hobgoblin is too close now for your liking.
Aim: a hobgoblin, wielding a club The magic dart hits the hobgoblin.
You kill the hobgoblin!
You now have 4/6 mp.
A jackal comes into view.
A jackal is nearby!
Aim: a jackal (hasn't noticed you)
The magic dart hits the jackal.
The jackal barks!
You hear a bark!
You now have 3/6 mp.
Aim: a jackal (moderately wounded)
The magic dart hits the jackal.
You now have 2/6 mp.
Aim: a jackal (severely wounded)
The magic dart hits the jackal.
You kill the jackal!
You now have 1/6 mp.
A jackal comes into view.
e - a club You see here a hobgoblin corpse.
Aim: a jackal The magic dart hits the jackal.
You now have 1/6 mp.
Aim: a jackal (heavily wounded)
The magic dart hits the jackal.
You kill the jackal!
You now have 0/6 mp.
e - a +0 club (weapon)
You now have 7 gold pieces.
You start resting.
A hobgoblin comes into view. It is wielding a club.
You regained 2 mp, and now have 2/6 mp.
Aim: a hobgoblin, wielding a club (hasn't noticed you)
The magic dart hits the hobgoblin.
The hobgoblin shouts!
You hear a bark! x2
You now have 1/6 mp.
Aim: a hobgoblin, wielding a club (severely wounded)
The magic dart hits the hobgoblin.
A jackal comes into view.
You now have 0/6 mp.
You see here a hobgoblin corpse.
The jackal barks!
A jackal comes into view.
The hobgoblin hits you with a club.
You see here a hobgoblin corpse.
You take 3 damage, and have 7/10 hp.
MASSIVE DAMAGE!!
You hit the hobgoblin.
You kill the hobgoblin!
The jackal bites you.
You take 1 damage, and have 6/10 hp.
You barely miss the jackal. The jackal barely misses you. The jackal bites you.
You take 2 damage, and have 4/10 hp.
Unknown command.
Aim: a jackal The magic dart hits the jackal.
You kill the jackal!
You have reached level 2!
You regained 3 hp, and now have 7/15 hp.
You now have 0/8 mp.
The jackal bites you but does no damage.
A hobgoblin comes into view.
The jackal closely misses you. The jackal closely misses you.
The jackal bites you.
* * * LOW HITPOINT WARNING * * *
You take 3 damage, and have 4/15 hp.
The jackal bites you but does no damage.
Aim: a jackal The magic dart hits the jackal.
The jackal barely misses you. The jackal closely misses you.
You now have 0/8 mp.
The jackal closely misses you. The jackal misses you.
The jackal bites you but does no damage.
Aim: a jackal (moderately wounded)
The magic dart hits the jackal.
The jackal completely misses you.
You now have 0/8 mp.
You hit the jackal but do no damage. The jackal barely misses you.
The jackal closely misses you.
You barely miss the jackal. The jackal barely misses you.
The jackal closely misses you.
You hit the jackal. The jackal barely misses you. The jackal bites you.
* * * LOW HITPOINT WARNING * * *
You take 3 damage, and have 2/15 hp.
You hit the jackal but do no damage. The jackal bites you.
* * * LOW HITPOINT WARNING * * *
You take 1 damage, and have 1/15 hp.
You barely miss the jackal.
The jackal bites you but does no damage.
The jackal closely misses you.
You miss the jackal. The jackal misses you. The jackal bites you.
You die...

.'#..##.# ..##.##.# .$.
...#....# .... ...####.#
##.... .....##.# #......
.⌠....'## ##+....⌠..
........###+###.........
........................
...............h@....#
###.##.#...#######...#
#..†)......# ..#
#..#.......... .#
+...#.#...#.### ..
###.#.#...#.# ..
....#...#.# . #.###.....
#.# #...#.#


You could see a jackal.

Vanquished Creatures
  A goblin (D:1)
  2 hobgoblins (D:1)
  3 jackals (D:1)
  A rat (D:1)
7 creatures vanquished.

Notes
Turn   | Place    | Note
-------+----------+-------------------------------------------
     0 | D:1      | shakethe the Deep Elf Conjurer began the quest for the Orb.
     0 | D:1      | Reached XP level 1. HP: 10/10 MP: 6/6
   128 | D:1      | Reached XP level 2. HP: 7/15 MP: 0/8
   149 | D:1      | HP: 2/15 [jackal (3)]
   152 | D:1      | Slain by a jackal

Action                   || total
-------------------------++-------
Melee: Club              ||     8
 Cast: Magic Dart        ||    15
Armor: Robe              ||     4
Dodge: Dodged            ||    15

Vault maps used:
D:1:      nicolae_arrival_somewhat_less_tricky_arrival, minmay_ruptured

Table legend:
 A = Turns spent in this place as a percentage of turns spent in the entire game.
 B = Non-inter-level travel turns spent in this place as a percentage of non-inter-level travel turns spent in the entire game.
 C = Inter-level travel turns spent in this place as a percentage of turns spent in this place.
 D = Turns resting spent in this place as a percentage of non-inter-level travel turns spent in this place.
 E = Turns spent auto-exploring this place as a percentage of non-inter-level travel turns spent in this place.
 F = Non-inter-level travel turns spent in this place divided by the number of levels of this place that you've seen.
                   A       B       C       D       E      F
               +-------+-------+-------+-------+-------+----------------------
         Total | 100.0 | 100.0 |   0.0 |  21.7 |  34.9 | 152.0
       Dungeon | 100.0 | 100.0 |   0.0 |  21.7 |  34.9 | 152.0
               +-------+-------+-------+-------+-------+----------------------

Table legend:
 A = Kills in this place as a percentage of kills in entire the game.
 B = Kills by you in this place as a percentage of kills by you in the entire game.
 C = Kills by friends in this place as a percentage of kills by friends in the entire game.
 D = Other kills in this place as a percentage of other kills in the entire game.
 E = Experience gained in this place as a percentage of experience gained in the entire game.
 F = Experience gained in this place divided by the number of levels of this place that you have seen.
                   A       B       C       D       E      F
               +-------+-------+-------+-------+-------+----------------------
         Total | 100.0 | 100.0 |   N/A |   N/A | 100.0 |  13.0
       Dungeon | 100.0 | 100.0 |   N/A |   N/A | 100.0 |  13.0
               +-------+-------+-------+-------+-------+----------------------
